[Event "*** SCC Grand Prix: Titled Tuesday Blitz"]
[Site "Chess.com"]
[Date "2020.07.14"]
[Round "2"]
[White "PavelChernomordik"]
[Black "TurboSteen"]
[Result "1-0"]
[WhiteElo "2345"]
[BlackElo "1937"]
[TimeControl "180+1"]
[EndTime "10:15:20 PDT"]
[Termination "PavelChernomordik won by resignation"]

1. e4 e6 2. Qe2 c5 3. f4 Nc6 4.
Nf3 g6 5. g3 Bg7 6. Bg2 Nge7 7.
d3 O-O 8. O-O d5 9. c3 b5 10. g4 f5 11. gxf5 gxf5 12. Kh1 b4 13. e5 Bb7 14. Rg1 Kh8 15. Ng5 Qd7 16. Qh5 h6 17. Nf7+ Rxf7 18. Qxf7 Rf8 19. Qh5 d4 20. c4 Nd8 21. Nd2 Rg8 22. Nf3 Bf8 23. Bd2 Qc6 24. Raf1 a5 25. Nh4 Qc8 26. Bxb7 Qxb7+ 27. Rf3 Rxg1+ 28. Kxg1 a4 29. Rg3 b3 30. a3 Nec6 31.
Ng6+ 1-0

[Event "*** SCC Grand Prix: Titled Tuesday Blitz"]
[Site "Chess.com"]
[Date "2020.07.14"]
[Round "2"]
[White "David_Paravyan"]
[Black "keshka01"]
[Result "1-0"]
[WhiteElo "2944"]
[BlackElo "2560"]
[TimeControl "180+1"]
[EndTime "10:15:23 PDT"]
[Termination "David_Paravyan won by resignation"]

1. d4 Nf6 2. c4 e6 3. Nf3 d5 4.
Nc3 dxc4 5. e3 a6 6. a4 c5 7. Bxc4 Nc6 8. O-O Be7 9. dxc5 O-O 10. Nd4 Qc7 11. Nxc6 Qxc6 12. b4 a5 13. b5 Qxc5 14. Ba3 Qxc4 15. Bxe7 Re8 16. Bxf6 gxf6 17. Rc1 Qb4 18. Qf3 f5 19. e4 1-0

[Event "*** SCC Grand Prix: Titled Tuesday Blitz"]
[Site "Chess.com"]
[Date "2020.07.14"]
[Round "2"]
[White "DanielTitichoca"]
[Black "BakaPG"]
[Result "0-1"]
[WhiteElo "2333"]
[BlackElo "2646"]
[TimeControl "180+1"]
[EndTime "10:15:23 PDT"]
[Termination "BakaPG won by checkmate"]

1. e4 e6 2. d4 d5 3. Nc3 Nf6 4. e5 Nfd7 5. f4 c5 6. Nf3 Nc6 7. Be3 cxd4 8. Nxd4 Bc5 9. Qd2 O-O 10. O-O-O a6 11.
g4 Nxd4 12. Bxd4 b5 13. h4 b4 14. Ne2 a5 15. h5 Ba6 16. g5 Qb6 17. Bxc5 Nxc5 18.
Nd4 a4 19. g6 b3 20. a3 bxc2 21. Qxc2 Rfc8 22. Kb1 Ne4 23. gxf7+ Kxf7 24. Qg2 Nc3+ 25. Ka1 Nxd1 26. Rg1 Rc1+ 27. Ka2 Nc3+ 28. bxc3 Qb1# 0-1

[Event "*** SCC Grand Prix: Titled Tuesday Blitz"]
[Site "Chess.com"]
[Date "2020.07.14"]
[Round "2"]
[White "maestroza"]
[Black "SanQui14"]
[Result "1-0"]
[WhiteElo "2497"]
[BlackElo "2276"]
[TimeControl "180+1"]
[EndTime "10:15:25 PDT"]
[Termination "maestroza won by resignation"]

1. d4 Nf6 2. Nf3 g6 3. c4 Bg7 4.
Nc3 d5 5. cxd5 Nxd5 6. Bg5 Nxc3 7. bxc3 O-O 8. e3 c5 9. Bd3 Bg4 10. O-O Nc6 11. h3 Be6 12. Qe2 Qa5 13. Be4 Rad8 14. Rab1 Qc7 15. Qb5 Na5 16. Bf4 Qd7 17. Qxa5 b6 18.
Qa6 Bd5 19. Bxd5 Qxd5 20. Qxa7 cxd4 21. cxd4 Ra8 22. Qxe7 Rxa2 23. Rxb6 Rc8 24. Rb8 Rxb8 25. Bxb8 1-0

[Event "*** SCC Grand Prix: Titled Tuesday Blitz"]
[Site "Chess.com"]
[Date "2020.07.14"]
[Round "2"]
[White "dpopadic"]
[Black "obliviate12"]
[Result "1-0"]
[WhiteElo "2330"]
[BlackElo "2726"]
[TimeControl "180+1"]
[EndTime "10:15:27 PDT"]
[Termination "dpopadic won by resignation"]

1. e4 c6 2. d4 d5 3. Nd2 g6 4. Ngf3 Bg7 5. c3 Bg4 6. h3 Bxf3 7. Qxf3 Nf6 8. Bd3 O-O 9. O-O Nbd7 10. Re1 e5 11.
exd5 Nxd5 12. Nb3 f5 13. dxe5 Nxe5 14. Qe2 Nxc3 15. Bc4+ Nxc4 16. Qxc4+ Qd5 17. Qh4 Ne4 18. Bh6 Qd8 19. Qxd8 Raxd8 20. Bxg7 Kxg7 21. f3 Nf6 22. Nc5 Rd2 23. Ne6+ Kf7 24. Nxf8 Kxf8 25. Rab1 Nd5 26. Rf1 a5 27. Rf2 Rd4 28. a3 Kf7 29. Re2 h5 30. Rbe1 h4 31. Kh2 Rd3 32. Kg1 a4 33. Rc2 g5 34. Ree2 Rxa3 1-0

[Event "*** SCC Grand Prix: Titled Tuesday Blitz"]
[Site "Chess.com"]
[Date "2020.07.14"]
[Round "2"]
[White "NefeLV"]
[Black "Chessdemon2019"]
[Result "0-1"]
[WhiteElo "1828"]
[BlackElo "2342"]
[TimeControl "180+1"]
[EndTime "10:15:28 PDT"]
[Termination "Chessdemon2019 won by resignation"]

1. c4 Nf6 2. d4 e6 3. Nc3 Bb4 4. e3 b6 5. a3 Bxc3+ 6. bxc3 O-O 7. Be2 d6 8. Nf3 c5 9. O-O Nc6 10. d5 Na5 11. Bb2 e5 12. Nd2 Ba6 13. e4 Qd7 14. f4 exf4 15. Rxf4 Rae8 16. Bd3 h6 17. Qf3 Nh7 18.
Rf1 Re7 19. Bc1 Rfe8 20. e5 dxe5 21. Bxh7+ Kxh7 22. Rxf7 Rxf7 23. Qxf7 Qxf7 24. Rxf7 Nxc4 25. Ne4 Ra8 26. d6 Kg6 27. Re7 Bb5 28. Kf2 Bc6 29. Ng3 Rf8+ 30. Kg1 Nxd6 31. Rxa7 Nb5 32. c4 Nxa7 0-1

[Event "*** SCC Grand Prix: Titled Tuesday Blitz"]
[Site "Chess.com"]
[Date "2020.07.14"]
[Round "2"]
[White "SzMM19"]
[Black "SuperMagnum"]
[Result "0-1"]
[WhiteElo "2579"]
[BlackElo "2175"]
[TimeControl "180+1"]
[EndTime "10:15:35 PDT"]
[Termination "SuperMagnum won by resignation"]

1. e4 c5 2. Nf3 d6 3. Bb5+ Nd7 4.
O-O a6 5. Bd3 g6 6. c3 Bg7 7.
Re1 Ngf6 8. Bc2 O-O 9. d4 cxd4 10. cxd4 e5 11. Nc3 b5 12. Bg5 Bb7 13. Bb3 exd4 14.
Qxd4 Qb6 15. Qxb6 Nxb6 16. Rad1 b4 17. Rxd6 bxc3 18. Bxf6 Bxf6 19. Rxb6 cxb2 20. Rxb7 Rac8 21. e5 Rc1 22. Bd5 Bxe5 23. Kf1 Bc3 24. Be4 Bxe1 25.
Nxe1 Re8 26. f3 Rxe4 27. fxe4 b1=Q 28. Rxb1 Rxb1 29. Ke2 Rb2+ 30. Ke3 Rxa2 31. h4 a5 32. g4 a4 33. Nd3 a3 0-1

[Event "*** SCC Grand Prix: Titled Tuesday Blitz"]
[Site "Chess.com"]
[Date "2020.07.14"]
[Round "2"]
[White "SARGISMV"]
[Black "WIDBIFS"]
[Result "0-1"]
[WhiteElo "2481"]
[BlackElo "2739"]
[TimeControl "180+1"]
[EndTime "10:15:37 PDT"]
[Termination "WIDBIFS won by resignation"]

1. d4 Nf6 2. c4 g6 3. Nc3 d6 4.
e4 Bg7 5. Be2 O-O 6. Nf3 Bg4 7.
Be3 Nfd7 8. Rc1 e5 9. d5 a5 10. h3 Bxf3 11. Bxf3 f5 12. exf5 gxf5 13. g4 e4 14. Bg2 f4 15. Bd4 Bxd4 16. Qxd4 e3 17. Be4 Qh4 18. Bf5 Qxf2+ 19. Kd1 Ne5 20. Be6+ Kh8 21.
Re1 Na6 22. Ne4 e2+ 23. Rxe2 Qxd4+ 0-1

[Event "*** SCC Grand Prix: Titled Tuesday Blitz"]
[Site "Chess.com"]
[Date "2020.07.14"]
[Round "2"]
[White "francyIM"]
[Black "1f3_2g41-0"]
[Result "1-0"]
[WhiteElo "2643"]
[BlackElo "2406"]
[TimeControl "180+1"]
[EndTime "10:15:40 PDT"]
[Termination "francyIM won by resignation"]

1. d4 Nf6 2. c4 g6 3. g3 Bg7 4. Bg2 d5 5. cxd5 Nxd5 6. e4 Nb6 7. Ne2 O-O 8. O-O Bg4 9. f3 Bd7 10. Nbc3 Nc6 11. b3 e5 12. Be3 exd4 13. Nxd4 Nxd4 14.
Bxd4 Be6 15. Bxg7 Kxg7 16. Rc1 h5 17. Nb5 c6 18. Nd6 Qe7 19. Qd4+ Kh7 20. e5 Rad8 21. Rfd1 Bd5 22. f4 Bxg2 23. Kxg2 Nd5 24. Qxa7 Ra8 25. Qf2 f6 26. Nc4 b5 27. Nd6 fxe5 28. Rxc6 Nb4 29.
Rb6 Kh8 30. Rb7 Qe6 31. a4 exf4 32. Qd4+ Rf6 33. Ne4 f3+ 34. Kf2 Rf8 35. Qxf6+ Rxf6 36. Rd8+ 1-0

[Event "*** SCC Grand Prix: Titled Tuesday Blitz"]
[Site "Chess.com"]
[Date "2020.07.14"]
[Round "2"]
[White "Jbd735"]
[Black "kidagent"]
[Result "1-0"]
[WhiteElo "2439"]
[BlackElo "2222"]
[TimeControl "180+1"]
[EndTime "10:15:41 PDT"]
[Termination "Jbd735 won by resignation"]

1. e4 c5 2. Nf3 d6 3. d4 cxd4 4.
Nxd4 Nf6 5. Nc3 a6 6. Bg5 e6 7. f4 b5 8. Qe2 Be7 9. O-O-O Bb7 10.
e5 Nd5 11. Ne4 dxe5 12. Bxe7 Qxe7 13. fxe5 O-O 14. Qh5 Nf4 15. Qg4 Bxe4 16. Qxf4 Bd5 17. Nf5 exf5 18. Rxd5 Qe6 19. Qd2 Ra7 20. Be2 Rd7 21.
Rd1 Rfd8 22. Bf3 Rxd5 23. Bxd5 1-0

[Event "*** SCC Grand Prix: Titled Tuesday Blitz"]
[Site "Chess.com"]
[Date "2020.07.14"]
[Round "2"]
[White "romulocardoso"]
[Black "Ave_Mariia"]
[Result "0-1"]
[WhiteElo "2091"]
[BlackElo "2385"]
[TimeControl "180+1"]
[EndTime "10:15:42 PDT"]
[Termination "Ave_Mariia won by checkmate"]

1. e4 c5 2. Nf3 d6 3. d4 cxd4 4. Nxd4 Nf6 5. Nc3 g6 6. Be3 Bg7 7. f3 O-O 8. Qd2 Nc6 9. O-O-O d5 10. Nxc6 bxc6 11. exd5 cxd5 12. Nxd5 Nxd5 13. Qxd5 Qc7 14. Qc5 Qb7 15. Bd4 Bf5 16. Qb5 Qc7 17. Qc5 Qf4+ 18. Be3 Qa4 19. Qc4 Qa5 20. Bd2 Qe5 21. Bc3 Qe3+ 22.
Bd2 Qb6 23. Qb4 Rfc8 24. c4 Qf2 25. Qxe7 Rab8 26. b3 Qd4 27. Qa3 Qa1# 0-1

[Event "*** SCC Grand Prix: Titled Tuesday Blitz"]
[Site "Chess.com"]
[Date "2020.07.14"]
[Round "2"]
[White "BabyBoss31"]
[Black "Gerodot71"]
[Result "0-1"]
[WhiteElo "2206"]
[BlackElo "2434"]
[TimeControl "180+1"]
[EndTime "10:15:44 PDT"]
[Termination "Gerodot71 won by resignation"]

1. d4 Nf6 2. c4 e6 3. Nf3 d5 4.
g3 Be7 5. Bg2 O-O 6. O-O dxc4 7.
Qc2 a6 8. Qxc4 b5 9. Qc2 Bb7 10.
Nc3 c5 11. dxc5 Bxc5 12. Rd1 Qb6 13. e3 Nbd7 14. Qe2 Rac8 15. a3 Rfd8 16. Bd2 Bf8 17. Rac1 Nc5 18. b4 Nb3 19. Rc2 Be4 20. Rb2 Nxd2 21.
Rbxd2 Rxd2 22. Qxd2 Bb7 23. Nd4 Bxg2 24. Kxg2 g6 25.
Nb3 Qc6+ 0-1

[Event "*** SCC Grand Prix: Titled Tuesday Blitz"]
[Site "Chess.com"]
[Date "2020.07.14"]
[Round "2"]
[White "Biranidun"]
[Black "pastouche06"]
[Result "1-0"]
[WhiteElo "2867"]
[BlackElo "2531"]
[TimeControl "180+1"]
[EndTime "10:15:49 PDT"]
[Termination "Biranidun won by resignation"]

1. e4 c6 2. d4 d5 3. e5 Bf5 4. Nf3 e6 5. Be2 Ne7 6. O-O Ng6 7. c3 Nd7 8. Ne1 h5 9. Nc2 h4 10. Ne3 Bxb1 11. Rxb1 Nf4 12. Bf3 Be7 13. g3 Ng6 14.
Bg2 f5 15. exf6 gxf6 16. Qg4 Kf7 17. f4 f5 18. Qe2 Nf6 19. g4 fxg4 20. Nxg4 h3 21.
Bf3 Nh4 22. Ne5+ Kg7 23. Bg4 Qg8 24. Kh1 Qh7 25. Rg1 Qxb1 26. Bf5+ Kf8 27. Bxb1 1-0

[Event "*** SCC Grand Prix: Titled Tuesday Blitz"]
[Site "Chess.com"]
[Date "2020.07.14"]
[Round "2"]
[White "Dr_crypt"]
[Black "grandcoach"]
[Result "1-0"]
[WhiteElo "2401"]
[BlackElo "2113"]
[TimeControl "180+1"]
[EndTime "10:15:49 PDT"]
[Termination "Dr_crypt won on time"]

1. d4 Nf6 2. Nf3 d5 3. c4 e6 4. Nc3 c5 5. e3 Nc6 6. dxc5 Bxc5 7.
cxd5 exd5 8. Be2 O-O 9. O-O Be6 10. Nb5 a6 11. Nbd4 Qd6 12. b3 Rad8 13. Bb2 Ba7 14. Rc1 Bb8 15. Nxc6 bxc6 16. Bxf6 gxf6 17. Qd4 Bf5 18.
Rfd1 Be4 19. g3 Rd7 20. Qb6 Ba7 21. Qxc6 Qe7 22. Qxa6 Rfd8 23. Nd4 Qe5 24. Rc8 Rxc8 25. Qxc8+ 1-0

[Event "*** SCC Grand Prix: Titled Tuesday Blitz"]
[Site "Chess.com"]
[Date "2020.07.14"]
[Round "2"]
[White "louis198"]
[Black "Sanan_Sjugirov"]
[Result "0-1"]
[WhiteElo "2570"]
[BlackElo "2976"]
[TimeControl "180+1"]
[EndTime "10:15:54 PDT"]
[Termination "Sanan_Sjugirov won by resignation"]

1. d4 Nf6 2. Bf4 e6 3. e3 c5 4. Nd2 cxd4 5. exd4 b6 6. h3 Bb7 7. Ngf3 Be7 8. c3 d6 9. Bc4 Nbd7 10. O-O O-O 11. Qe2 Re8 12. a4 a6 13. Rfe1 Bf8 14. Bh2 h6 15. Rac1 Qc7 16. Bb3 Bc6 17. c4 Qb7 18. Qd3 b5 19. axb5 axb5 20. cxb5 Bxb5 21. Bc4 Bxc4 22. Nxc4 d5 23. Nce5 Nxe5 24. Nxe5 Qxb2 25. Rc7 Ra1 26. Rd1 Rea8 27. Rc2 Rxd1+ 28. Qxd1 Ra1 0-1

[Event "*** SCC Grand Prix: Titled Tuesday Blitz"]
[Site "Chess.com"]
[Date "2020.07.14"]
[Round "2"]
[White "RusPakhom"]
[Black "Caterpiller35"]
[Result "0-1"]
[WhiteElo "2265"]
[BlackElo "2459"]
[TimeControl "180+1"]
[EndTime "10:15:55 PDT"]
[Termination "Caterpiller35 won by resignation"]

1. e4 c5 2. c3 Nf6 3. e5 Nd5 4. d4 cxd4 5. Nf3 d6 6. Bc4 e6 7.
cxd4 Nc6 8. O-O Be7 9. Qe2 O-O 10. Nc3 Nxc3 11. bxc3 dxe5 12. dxe5 Qa5 13. Bd2 Rd8 14. Rfd1 Bd7 15. Bd3 Be8 16. Qe4 g6 17. c4 Qc7 18.
Be3 Nb4 19. Be2 Bc6 20. Qf4 Nc2 21. Nd4 Nxa1 22. Rxa1 Bf8 23. Nxc6 Qxc6 24. Rb1 Rd7 25. h4 Rad8 26. h5 b6 27. c5 Bxc5 28. Bb5 Bxe3 29. Qxe3 Qc2 30. Rc1 Qxc1+ 31. Qxc1 Rd1+ 32. Qxd1 Rxd1+ 0-1

[Event "*** SCC Grand Prix: Titled Tuesday Blitz"]
[Site "Chess.com"]
[Date "2020.07.14"]
[Round "2"]
[White "JozefKneht"]
[Black "DortmundCity"]
[Result "0-1"]
[WhiteElo "2324"]
[BlackElo "2618"]
[TimeControl "180+1"]
[EndTime "10:15:57 PDT"]
[Termination "DortmundCity won by resignation"]

1. e4 c5 2. Nf3 d6 3. d4 cxd4 4. Nxd4 Nf6 5. Nc3 Nc6 6. Bg5 e6 7. Qd2 a6 8. O-O-O Bd7 9. f4 Be7 10. Nf3 h6 11. Bxf6 Bxf6 12. Qxd6 Bxc3 13. bxc3 Qe7 14.
Be2 Qxd6 15. Rxd6 Ke7 16. Rhd1 Rhd8 17. e5 Na5 18. Kb2 Bc6 19. Ne1 Bd5 20. Rxd8 Rxd8 21. g3 g5 22. fxg5 hxg5 23. c4 Bxc4 24. Rxd8 Kxd8 25.
Bf3 Bd5 26. Kc3 Bxa2 27. Kd4 g4 28. Bxg4 Nc6+ 29. Ke4 a5 30. h4 a4 31. h5 a3 32. h6 Bd5+ 33. Kf4 Nxe5 34. Bh5 a2 35. h7 Ng6+ 36. Bxg6 a1=Q 0-1

[Event "*** SCC Grand Prix: Titled Tuesday Blitz"]
[Site "Chess.com"]
[Date "2020.07.14"]
[Round "2"]
[White "Stosk"]
[Black "NikolaGry"]
[Result "0-1"]
[WhiteElo "2345"]
[BlackElo "2637"]
[TimeControl "180+1"]
[EndTime "10:15:59 PDT"]
[Termination "NikolaGry won by resignation"]

1. e4 d5 2. exd5 Nf6 3. d4 Nxd5 4. c4 Nb6 5. Nf3 g6 6. Nc3 Bg7 7. Be3 O-O 8. h3 Nc6 9. Be2 e5 10. d5 Ne7 11. O-O Nf5 12. c5 Nd7 13. c6 Nxe3 14.
fxe3 Nb6 15. e4 f5 16. Qb3 Kh8 17. Rad1 Qe7 18. a4 bxc6 19. dxc6 Be6 20. Nd5 fxe4 21. Nxe7 Bxb3 22. Ng5 Bxd1 23. Rxd1 Bf6 24. Ne6 Bxe7 25. Nxf8 Rxf8 26. a5 Na4 27. Rd7 Bd6 28. b3 Nc5 0-1

[Event "*** SCC Grand Prix: Titled Tuesday Blitz"]
[Site "Chess.com"]
[Date "2020.07.14"]
[Round "2"]
[White "BlueWizzard"]
[Black "thedjoker98"]
[Result "1-0"]
[WhiteElo "2768"]
[BlackElo "2490"]
[TimeControl "180+1"]
[EndTime "10:16:02 PDT"]
[Termination "BlueWizzard won by resignation"]

1. d4 d5 2. Nc3 Nf6 3. Bf4 c5 4. e3 cxd4 5. exd4 a6 6. Nf3 Nc6 7. Ne5 Bd7 8. a3 e6 9. g3 Rc8 10. Bg2 Qb6 11. Nxc6 Bxc6 12. Rb1 Be7 13. O-O O-O 14.
Re1 Ne8 15. Nxd5 Bxd5 16. Bxd5 Rd8 17. Bg2 Rxd4 18. Qe2 Rd8 19. b4 Nf6 20. c4 a5 21.
c5 Qa7 22. Be5 axb4 23. axb4 Nd5 24. Qg4 Bf6 25. Bxd5 Bxe5 26. Bxe6 Bc3 27. Re3 Bd2 28.
Bxf7+ Rxf7 29. Rd1 Rfd7 30. Qe6+ Rf7 31. Rf3 b6 32. Rxd2 1-0

[Event "*** SCC Grand Prix: Titled Tuesday Blitz"]
[Site "Chess.com"]
[Date "2020.07.14"]
[Round "2"]
[White "SilviusTiberius"]
[Black "Semen_Khanin"]
[Result "0-1"]
[WhiteElo "2486"]
[BlackElo "2764"]
[TimeControl "180+1"]
[EndTime "10:16:03 PDT"]
[Termination "Semen_Khanin won by resignation"]

1. e4 c5 2. Nf3 e6 3. d4 cxd4 4. Nxd4 Nc6 5. Nc3 Qc7 6. Be3 a6 7. Qf3 Nf6 8. O-O-O h5 9. Nxc6 dxc6 10. Be2 e5 11. h3 Be6 12. Qg3 h4 13. Qh2 b5 14. f4 b4 15. Na4 Nxe4 16. Bf3 Ng3 17. Rhe1 Be7 18. Bb6 Qc8 19. Bc5 Bxc5 20. Nxc5 O-O 21.
Rxe5 Bd5 22. Bxd5 cxd5 23. Rexd5 Qc7 24. Kb1 Qxf4 25. Qg1 Rac8 26. Nd3 Qc4 27. Qf2 Qxd5 0-1

[Event "*** SCC Grand Prix: Titled Tuesday Blitz"]
[Site "Chess.com"]
[Date "2020.07.14"]
[Round "2"]
[White "MomchilPetkov"]
[Black "Parhamov"]
[Result "0-1"]
[WhiteElo "2574"]
[BlackElo "3012"]
[TimeControl "180+1"]
[EndTime "10:16:04 PDT"]
[Termination "Parhamov won by resignation"]

1. e4 e6 2. d4 d5 3. Nc3 Bb4 4. e5 Qd7 5. Qg4 Bf8 6. Nf3 b6 7. h4 Ba6 8. h5 Bxf1 9. Kxf1 c5 10. Be3 Nc6 11. Ne2 Nb4 12. c3 Nc2 13. Rc1 Nxe3+ 14. fxe3 Nh6 15. Qf4 Be7 16. Kg1 O-O 17. Ng3 f6 18.
Nf1 fxe5 19. Nxe5 Qb5 20. Qg3 Qxb2 21. Re1 Nf5 22. Qg4 Qxc3 23. Qe2 cxd4 0-1

[Event "*** SCC Grand Prix: Titled Tuesday Blitz"]
[Site "Chess.com"]
[Date "2020.07.14"]
[Round "2"]
[White "grandemestregringo"]
[Black "GregShahade"]
[Result "0-1"]
[WhiteElo "2476"]
[BlackElo "2724"]
[TimeControl "180+1"]
[EndTime "10:16:04 PDT"]
[Termination "GregShahade won by checkmate"]

1. d4 Nf6 2. c4 g6 3. Nc3 d5 4. Nf3 Bg7 5. cxd5 Nxd5 6. e4 Nxc3 7. bxc3 c5 8. Be2 Nc6 9. d5 Bxc3+ 10. Bd2 Bxa1 11. Qxa1 Nd4 12. Nxd4 cxd4 13. Qxd4 O-O 14. Bh6 Qa5+ 15. Kf1 f6 16. Bxf8 Kxf8 17. Bc4 Bd7 18. Ke2 Rc8 19. Bb3 Bb5+ 20. Kf3 Rc3+ 21. Kg4 Bd7+ 22.
Kh4 g5+ 23. Kh5 Kg7 24. h4 Be8+ 25. Kg4 h5+ 26. Kf5 Bd7# 0-1

[Event "*** SCC Grand Prix: Titled Tuesday Blitz"]
[Site "Chess.com"]
[Date "2020.07.14"]
[Round "2"]
[White "vova-79"]
[Black "frederiksvane"]
[Result "1/2-1/2"]
[WhiteElo "2466"]
[BlackElo "2678"]
[TimeControl "180+1"]
[EndTime "10:16:04 PDT"]
[Termination "Game drawn by repetition"]

1. d4 Nf6 2. c4 e6 3. Nc3 Bb4 4. e3 O-O 5. Ne2 d5 6. a3 Be7 7. cxd5 exd5 8. Nf4 c6 9. Bd3 Bd6 10. O-O Re8 11. b4 b5 12. Bd2 a5 13. bxa5 Rxa5 14. a4 bxa4 15. Nxa4 Ra7 16. Qc2 Qc7 17. Nc5 Rxa1 18.
Rxa1 g5 19. Ne2 Bxh2+ 20. Kf1 Bd6 21. e4 dxe4 22. Nxe4 Nxe4 23. Bxe4 h6 24. Bc3 Ba6 25. Bh7+ Kf8 26. Bd3 Bxd3 27. Qxd3 Qe7 28. Re1 Bb4 29. Qh7 f6 30. Qxh6+ Kf7 31. Qh7+ Kf8 32. Qh8+ Kf7 33. Qh7+ Kf8 34. Qh8+ Kf7 35. Qh7+ 1/2-1/2

[Event "*** SCC Grand Prix: Titled Tuesday Blitz"]
[Site "Chess.com"]
[Date "2020.07.14"]
[Round "2"]
[White "SameerMujumdar"]
[Black "pooh2012"]
[Result "1-0"]
[WhiteElo "2290"]
[BlackElo "2479"]
[TimeControl "180+1"]
[EndTime "10:16:04 PDT"]
[Termination "SameerMujumdar won by resignation"]

1. d4 Nf6 2. c4 e6 3. Nc3 Bb4 4. Nf3 O-O 5. Bg5 c5 6. dxc5 Na6 7. Rc1 Nxc5 8. e3 Nce4 9. Bh4 Qa5 10. Qc2 Qxa2 11.
Bxf6 Nxf6 12. Bd3 Qa5 13. O-O a6 14. Ne4 Nxe4 15. Bxe4 f5 16. Bd3 Qc7 17. c5 b6 18.
Qa4 a5 19. cxb6 Qxb6 20. Ne5 Ra7 21. Bb5 d6 22. Nc6 Rc7 23. Nxb4 axb4 24. Rxc7 Qxc7 25. Qxb4 Bb7 26. Bc4 d5 27. Bd3 Rc8 28. h3 Kf7 29. Ra1 Qe7 30. Qxe7+ Kxe7 31. Ra7 Rb8 32. Ba6 Kd6 33.
Rxb7 Rc8 34. Rb6+ Ke5 35. Bxc8 1-0

[Event "*** SCC Grand Prix: Titled Tuesday Blitz"]
[Site "Chess.com"]
[Date "2020.07.14"]
[Round "2"]
[White "davigator"]
[Black "jucAxx"]
[Result "1-0"]
[WhiteElo "2363"]
[BlackElo "2039"]
[TimeControl "180+1"]
[EndTime "10:16:04 PDT"]
[Termination "davigator won by checkmate"]

1. e4 e6 2. d4 d5 3. Nc3 Bb4 4. e5 c5 5. a3 Bxc3+ 6. bxc3 Qc7 7. Qg4 Ne7 8. Qxg7 Rg8 9. Qxh7 cxd4 10. Ne2 Nbc6 11. f4 dxc3 12. Qd3 Bd7 13. Nxc3 a6 14.
Ne2 O-O-O 15. Bd2 Nf5 16. g3 Na7 17. Rb1 Nb5 18. Bh3 Bc6 19. Bxf5 exf5 20. Qxf5+ Kb8 21. O-O Rg6 22. Qd3 Rdg8 23. Be3 Qd7 24. a4 Nc7 25. Qd4 Ne6 26. Qa7+ Kc7 27. f5 d4 28. fxe6 Qd5 29. Nf4 Rxg3+ 30. hxg3 Rxg3+ 31. Kf2 Qf3+ 32. Ke1 Qxe3+ 33.
Ne2 Bf3 34. Rxb7+ Bxb7 35. Rxf7+ Kd8 36. Qb8+ Bc8 37. Qd6+ Ke8 38. Qe7# 1-0

[Event "*** SCC Grand Prix: Titled Tuesday Blitz"]
[Site "Chess.com"]
[Date "2020.07.14"]
[Round "2"]
[White "Efremov_Vlad"]
[Black "NormWeinstein"]
[Result "0-1"]
[WhiteElo "2229"]
[BlackElo "2443"]
[TimeControl "180+1"]
[EndTime "10:16:07 PDT"]
[Termination "NormWeinstein won by checkmate"]

1. Nf3 Nf6 2. g3 b6 3. Bg2 Bb7 4. O-O g6 5. d4 Bg7 6. c4 O-O 7.
Nc3 Ne4 8. Qc2 Nxc3 9. Qxc3 c5 10. Qd3 cxd4 11. Nxd4 Bxg2 12. Kxg2 Na6 13. Be3 Nc5 14.
Qc2 Qc7 15. b4 Nb7 16. Rac1 Rac8 17. Qa4 Nd6 18. c5 bxc5 19. Rxc5 Qb7+ 20. Kg1 Ne4 21. Rxc8 Rxc8 22. Nb3 Nc3 23. Qxa7 Nxe2# 0-1

[Event "*** SCC Grand Prix: Titled Tuesday Blitz"]
[Site "Chess.com"]
[Date "2020.07.14"]
[Round "2"]
[White "floplover"]
[Black "supertfc"]
[Result "1-0"]
[WhiteElo "2243"]
[BlackElo "2417"]
[TimeControl "180+1"]
[EndTime "10:16:07 PDT"]
[Termination "floplover won by resignation"]

1. d4 Nf6 2. c4 g6 3. Nc3 d5 4.
cxd5 Nxd5 5. e4 Nxc3 6. bxc3 Bg7 7. Be3 c5 8. Rc1 Qa5 9. Qd2 cxd4 10. cxd4 Qxd2+ 11. Bxd2 O-O 12. Nf3 Bg4 13. Be3 Bxf3 14. gxf3 Nc6 15.
d5 Na5 16. Bh3 f5 17. Ke2 Rac8 18. exf5 gxf5 19. Bxf5 Rxc1 20. Be6+ Kh8 21. Rxc1 Be5 22. f4 Bf6 23. Rc7 Ra8 24. Bd2 b6 25. Kd3 Kg7 26. d6 Kf8 27. d7 Rd8 28. Bxa5 1-0

[Event "*** SCC Grand Prix: Titled Tuesday Blitz"]
[Site "Chess.com"]
[Date "2020.07.14"]
[Round "2"]
[White "KratosKrieg"]
[Black "llamalord42"]
[Result "0-1"]
[WhiteElo "1966"]
[BlackElo "2351"]
[TimeControl "180+1"]
[EndTime "10:16:08 PDT"]
[Termination "llamalord42 won on time"]

1. e4 c6 2. d4 d5 3. exd5 cxd5 4. Bd3 Nc6 5. c3 Qc7 6. Ne2 Bg4 7. f3 Bd7 8. Bf4 e5 9. dxe5 Nxe5 10. Bc2 Nf6 11. Nd2 Bd6 12. Nb3 O-O-O 13. Qd4 Nh5 14. Bxe5 Bxe5 15. Qxa7 Bb5 16. Bf5+ Bd7 17. Bxd7+ Rxd7 18. Nc5 Re7 19. O-O-O Bd6 20. Nb3 Rxe2 21. Rxd5 Nf4 22.
Rd4 Rhe8 23. Rhd1 R2e6 24. Qa4 Ne2+ 0-1

[Event "*** SCC Grand Prix: Titled Tuesday Blitz"]
[Site "Chess.com"]
[Date "2020.07.14"]
[Round "2"]
[White "bugsbunny444"]
[Black "bocah_sakit"]
[Result "0-1"]
[WhiteElo "2467"]
[BlackElo "2701"]
[TimeControl "180+1"]
[EndTime "10:16:09 PDT"]
[Termination "bocah_sakit won on time"]

1. Nf3 Nf6 2. c4 g6 3. b4 Bg7 4. Bb2 O-O 5. g3 d6 6. Bg2 e5 7.
O-O Nh5 8. Qc2 f5 9. d3 Nc6 10. b5 Ne7 11. e3 f4 12. exf4 exf4 13. Bxg7 Nxg7 14. Nc3 Nef5 15. Rae1 Bd7 16. Nd5 fxg3 17. fxg3 c6 18. Nf4 g5 19. bxc6 bxc6 20. Nxg5 Qxg5 21.
Qc3 Rae8 22. c5 d5 23. Rxe8 Rxe8 24. Rb1 Ne3 25. Bf3 Rf8 26. Rb7 Rxf4 0-1

[Event "*** SCC Grand Prix: Titled Tuesday Blitz"]
[Site "Chess.com"]
[Date "2020.07.14"]
[Round "2"]
[White "otrov-11"]
[Black "HrvojeZagreb"]
[Result "0-1"]
[WhiteElo "2362"]
[BlackElo "2104"]
[TimeControl "180+1"]
[EndTime "10:16:09 PDT"]
[Termination "HrvojeZagreb won by resignation"]

1. d4 e6 2. c4 f5 3. g3 Nf6 4. Bg2 d6 5. Nf3 Be7 6. O-O O-O 7. Nc3 Ne4 8. Qc2 Nxc3 9. Qxc3 Bf6 10. Qc2 Nc6 11.
Rd1 Qe8 12. e4 e5 13. d5 Nb4 14. Qb3 fxe4 15. Qxb4 exf3 16. Bxf3 Bh3 17. Be3 Bg5 18.
Bxg5 Rxf3 19. c5 Qf7 20. Qd2 Qh5 21. cxd6 cxd6 22. Rac1 Raf8 23. Be3 R3f7 24. Bxa7 Qf3 0-1

[Event "*** SCC Grand Prix: Titled Tuesday Blitz"]
[Site "Chess.com"]
[Date "2020.07.14"]
[Round "2"]
[White "davserr65"]
[Black "Tolya2"]
[Result "0-1"]
[WhiteElo "2091"]
[BlackElo "2389"]
[TimeControl "180+1"]
[EndTime "10:16:10 PDT"]
[Termination "Tolya2 won by resignation"]

1. Nf3 Nf6 2. c4 e6 3. g3 d5 4. Bg2 Be7 5. O-O O-O 6. d4 b6 7. Nbd2 Bb7 8. Qc2 Nbd7 9. b3 c5 10. dxc5 Nxc5 11. Bb2 Rc8 12. Rad1 Qc7 13. Qb1 a6 14. Qa1 Rfd8 15. Rc1 Qb8 16. cxd5 Bxd5 17. Nc4 b5 18. Nce5 h6 19. Rfd1 Bf8 20. Nd3 Nxd3 21.
Rxd3 Rxc1+ 22. Bxc1 Be4 23. Rxd8 Qxd8 24. Bb2 Be7 25. Ne5 Bxg2 26. Kxg2 Qd5+ 27. Nf3 Qf5 28. Bxf6 gxf6 29. Qd4 Qc2 30. Qd2 Qxd2 31. Nxd2 f5 32. e4 Bb4 33. Nf3 fxe4 34. Nd4 Bc5 35. Nc2 f5 36.
Kf1 Kf7 37. Ke2 Kf6 38. Ne1 Ke5 39. Ng2 Bd6 40. Nf4 Kf6 41. Ng2 Be5 42. f3 exf3+ 43. Kxf3 Bd6 44. Ke3 h5 45. Kd3 e5 46. Ne3 Kg5 47.
Ng2 e4+ 48. Ke3 Bc5+ 49. Ke2 Kg4 50. a4 bxa4 51. bxa4 Bg1 0-1